cohdb
Replays
Latest Replays
All Replays
Popular Replays
Top Player Replays
Match Explorer
How It Works
Community
CoH3 Stats
Reddit
Sign in to upload your games and track your stats! →
Sign in with Steam
the longest game ever had
Match 19185718
Overview
Messages
Build Orders
End
Construct Barracks
Selects Armored Battlegroup
Selects Armored Battlegroup
Selects Armored Battlegroup
Selects Fast Deploy
Selects Veteran Crews
1⁄4-ton 4x4 Truck
1⁄4-ton 4x4 Truck
Riflemen Squad
Infantry Support Center
M1 Mortar Team
Construct Motor Pool
Riflemen Squad
M8 Greyhound Armored Car
M8 Greyhound Armored Car
Selects Field Repairs
Field Repairs
Selects War Machine
M8 Greyhound Armored Car
Riflemen Squad
Field Repairs
M1918 Browning Automatic Rifles
M1 Anti-tank Gun Team
Construct Medical Station
M1 Anti-tank Gun Team
Construct Tank Depot
Selects Seek and Destroy
M18 Hellcat Tank Destroyer
Grenade Package
Riflemen Squad
M18 Hellcat Tank Destroyer
Selects M4A3E8 Sherman Combat Group
Field Repairs
M4A3E8 Sherman Combat Group
Riflemen Squad
M4A3E8 Sherman Combat Group
Riflemen Squad
Noob2024
ADOLFO_CABRERA
0
0
Comments
sign in to comment!
No comments posted yet!